 Dungeon Crawl Stone Soup version 0.30-a0-719-gcc4359ea44 (webtiles) character file.

Game seed: 79403818784194517

1757 gelatine the Firebug (level 8, -1/57 HPs)
             Began as a Demonspawn Fire Elementalist on Jan 27, 2023.
             Succumbed to a gnoll sergeant zombie's poison
             ... on level 5 of the Dungeon.
             The game lasted 00:17:23 (6085 turns).

gelatine the Firebug (Demonspawn Fire Elementalist) Turns: 6085, Time: 00:17:24

Health: -1/57      AC: 28    Str:  8    XL:     8   Next: 79%
Magic:  14/14      EV:  4    Int: 19    God:
Gold:   249        SH:  0    Dex: 18    Spells: 12/15 levels left

rFire   + . .      SeeInvis .    v - +4 dagger of Oggiwkui {spect, Dex+4}
rCold   + . .      Faith    .    (no shield)
rNeg    + . .      Spirit   .    D - +18 Lear's hauberk
rPois   +          Reflect  .    (helmet currently unavailable)
rElec   +          Harm     .    x - +1 cloak
rCorr   +          Rampage  .    (gloves currently unavailable)
Will    .....                    (boots currently unavailable) Stlth
                                 (no amulet)
HPRegen 1.09/turn                C - ring of positive energy
MPRegen 0.14/turn                (no ring)

@: lethally poisoned (-1 -> -16), resistant, attractive
A: antennae 1, claws 2, spiny 1, weakness stinger 2, talons 1, passive freeze,
regeneration 1, wild magic 1
a: no special abilities


You were on level 5 of the Dungeon.
You visited 1 branch of the dungeon, and saw 5 of its levels.

You collected 285 gold pieces.
You spent 36 gold pieces at shops.

Inventory:

Hand Weapons
 f - a +2 short sword of speed
 v - the +4 dagger of Oggiwkui (weapon) {spect, Dex+4}
   (You found it on level 4 of the Dungeon)

   Dex:       It affects your dexterity (+4).
 z - a +2 vampiric hand axe
 G - a +1 dagger of flaming
 I - a +3 dagger
Missiles
 F - a throwing net
 J - 3 silver boomerangs
Armour
 a - a +0 robe
 q - a +0 pair of boots
 u - the +1 ring mail of Vaag {rPois rN+++ MP-9 Dex-3}
   (You found it on level 3 of the Dungeon)

   Dex:       It affects your dexterity (-3).
   rPois:     It protects you from poison.
   rN:        It renders you almost immune to negative energy.
   MP:        It affects your magic capacity (-9).
 w - a +0 pair of gloves
 x - a +1 cloak (worn)
 B - an orb of guile
 D - the +18 Lear's hauberk (worn)
   (You found it on level 5 of the Dungeon)
Magical Staves
 p - a staff of conjuration
 y - a staff of fire
Jewellery
 e - a ring of ice
 s - the Hermit's Pendant {Faith Invo=14 Evo=0 MP+5}
   (You found it on level 3 of the Dungeon)

   [amulet of faith]

   Invo=14: It sets your Invocations skill to 14.
   Evo=0: It sets your Evocations skill to 0.
   It allows you to gain divine favour quickly.
   MP:        It affects your magic capacity (+5).
 C - a ring of positive energy (left claw)
Wands
 r - a wand of light (4)
Scrolls
 b - 3 scrolls of immolation {unknown}
 c - 2 scrolls of poison {unknown}
 d - 3 scrolls of fog {unknown}
 g - a scroll of blinking {unknown}
 i - a scroll of vulnerability {unknown}
 n - 4 scrolls of identify {unknown}
 o - a scroll of teleportation {unknown}
 A - a scroll of noise {unknown}
 H - a scroll of fear {unknown}
Potions
 h - a potion of curing {unknown}
 j - 3 potions of mutation
 k - a potion of lignification {unknown}
 l - a potion of attraction
 m - a potion of brilliance {unknown}
 t - a potion of might {unknown}
 E - a potion of ambrosia {unknown}
 K - 2 potions of resistance


   Skills:
 * Level 2.9 Fighting
 * Level 2.1 Short Blades
 * Level 1.7 Armour
 * Level 3.8 Dodging
 + Level 2.7 Stealth
 + Level 4.2 Spellcasting
 * Level 4.6 Conjurations
 * Level 5.7 Fire Magic
 * Level 3.6 Evocations


You had 12 spell levels left.
You knew the following spells:

 Your Spells              Type           Power      Damage    Failure   Level
a - Foxfire               Conj/Fire      100%       2x1d9     97%         1
b - Scorch                Fire           66%        2d8       98%         2

Your spell library contained the following spells:

 Spells                   Type           Power      Damage    Failure   Level
 Blink                    Tloc           10%        N/A       100%        2
 Ensorcelled Hibernation  Hex/Ice        10%        N/A       100%        2
 Lesser Beckoning         Tloc           10%        N/A       100%        2
 Momentum Strike          Conj/Tloc      32%        3d8       100%        2
 Passwall                 Tmut/Erth      4%         N/A       100%        2
 Inner Flame              Hex/Fire       19%        N/A       100%        3
 Kindle Blastsparks       Fire/Tloc/Air  28%        2d12      100%        3
 Portal Projectile        Hex/Tloc       10%        N/A       100%        3
 Swiftness                Air            5%         N/A       100%        3
 Tukima's Dance           Hex            5%         N/A       100%        3
 Animate Armour           Summ/Erth      10%        N/A       100%        4
 Flame Wave               Conj/Fire      30%        2d9       100%        4
 Blade Hands              Tmut           2%         N/A       100%        5
 Iron Shot                Conj/Erth      8%         9d3       100%        6


Dungeon Overview and Level Annotations

Branches:
Dungeon (5/15)
 Temple: D:4-7

Altars:
Ashenzari
Cheibriados
Dithmenos
Kikubaaqudgha
Nemelex Xobeh
Qazlal
Xom

Shops:
D:2 *

Annotations:
D:5 1 transporter


Innate Abilities, Weirdness & Mutations

You have a pair of small antennae on your head.
You have very sharp fingernails.
You are partially covered in sharp spines.
You have a tail ending in a sharp stinger.
You have sharp toenails.
A frigid envelope surrounds you and freezes all who hurt you.
Your natural rate of healing is unusually fast.
Your spells are a little harder to cast, but a little more powerful.


Message History

You feel protected.
You feel extremely sick.
The gnoll sergeant zombie hits you but does no damage.
You feel very sick.
The gnoll sergeant zombie hits you but does no damage.
The ogre zombie hits you but does no damage.
The ogre zombie completely resists.
You hit the ogre zombie. You tail-slap the ogre zombie.
You claw the ogre zombie.
The ogre zombie is moderately damaged.
Your +4 dagger of Oggiwkui {spect, Dex+4} hits the ogre zombie!
You feel very sick.
The gnoll sergeant zombie hits you but does no damage.
You are more poisoned.
The gnoll sergeant zombie hits you from afar with a +2 trident of venom!
You hit the ogre zombie.
You claw the ogre zombie, but do no damage.
The ogre zombie is heavily damaged.
Your +4 dagger of Oggiwkui {spect, Dex+4} hits the ogre zombie.
You feel very sick.
The gnoll sergeant zombie hits you but does no damage.
You are lethally poisoned!
The ogre zombie hits you but does no damage.
The ogre zombie resists.
The ogre zombie is very cold.
The ogre zombie is severely damaged.
The gnoll sergeant zombie hits you but does no damage.
You are more poisoned.
The gnoll sergeant zombie barely misses you.
You hit the ogre zombie. You claw the ogre zombie.
The ogre zombie is almost destroyed.
Your +4 dagger of Oggiwkui {spect, Dex+4} hits the ogre zombie!
You destroy the ogre zombie!
* * * LOW HITPOINT WARNING * * *
You feel extremely sick.
The gnoll sergeant zombie barely misses you.
* * * LOW HITPOINT WARNING * * *
You feel extremely sick.
It was a potion of attraction.
You feel attractive to monsters.
You die...

################.#
#○°☼?©?○☼°#......####
#°°°$)$☼○.#####.....##
#☼○°...○☼°# #.###..#
#○○°.°°°○○# #..###.#
#○.°○○☼○○○# ##..##..
###ZZZ### ##.####
#°○...☼°# #.####
#°.#@#○☼# #...##
#○○...○○# ###...
#○☼#©#○○### ###.
#☼°☼..☼○#.###########
#°.○☼☼.°#..#......###
##########.........).
##..©.# #.........)#
#.....# #.........)#
#.....# #..........#


You could see 3 gnoll sergeant zombies.

Vanquished Creatures
  The ghost of Dittersdorf the Trooper, a novice GrFi (D:5)
  Menkaure (D:5)
  An orc warrior (D:4)
  2 water moccasins
  A black bear (D:5)
  Blork the orc (D:4)
  A bullfrog (D:4)
  4 scorpions
  2 jellies
  4 hounds
  A gnoll bouda (D:5)
  An orc priest (D:5)
  4 iguanas
  Terence (D:2)
  5 orc wizards
  An ogre zombie (D:5)
  7 gnolls
  4 adders
  An ufetubus (D:2)
  A worm (D:5)
  4 dart slugs
  11 orcs
  7 bats
  5 endoplasms
  4 giant cockroaches
  8 goblins
  10 hobgoblins
  3 jackals (D:1)
  6 kobolds
  5 quokkas
  9 ball pythons
  2 frilled lizards
  6 rats
124 creatures vanquished.

Vanquished Creatures (collateral kills)
  14 foxfires (D:3)
14 creatures vanquished.

Vanquished Creatures (others)
  312 foxfires
  2 plants (D:3)
314 creatures vanquished.

Grand Total: 452 creatures vanquished

Notes
Turn   | Place    | Note
-------+----------+-------------------------------------------
     0 | D:1      | gelatine the Demonspawn Fire Elementalist began the quest
                  | for the Orb.
     0 | D:1      | Reached XP level 1. HP: 13/13 MP: 3/3
   311 | D:1      | Reached skill level 3 in Fire Magic
   311 | D:1      | Discovered your monstrous ancestry.
   311 | D:1      | Gained mutation: You have sharp fingernails. [demonic
                  | ancestry]
   311 | D:1      | Reached XP level 2. HP: 19/19 MP: 0/5
   996 | D:1      | Gained mutation: You are partially covered in sharp spines.
                  | [demonic ancestry]
   996 | D:1      | Reached XP level 3. HP: 23/24 MP: 0/6
  1680 | D:2      | Gained mutation: You have a small tail. [demonic ancestry]
  1680 | D:2      | Reached XP level 4. HP: 16/30 MP: 4/8
  1756 | D:2      | Learned a level 2 spell: Scorch
  1916 | D:2      | Found a faded altar of an unknown god.
  2388 | D:2      | Noticed Terence
  2402 | D:2      | Killed Terence
  2742 | D:2      | Found Benticw's Assorted Antiques.
  2755 | D:2      | Bought a fuming puce potion for 17 gold pieces
  2755 | D:2      | Bought a scroll labelled ISIUR NENGAI for 19 gold pieces
  3283 | D:3      | Gained mutation: You have a tail ending in a sharp stinger.
                  | [demonic ancestry]
  3283 | D:3      | Reached XP level 5. HP: 36/36 MP: 6/9
  3412 | D:3      | Found a faded altar of an unknown god.
  3412 | D:3      | Found the Hermit's Pendant {Faith Invo=14 Evo=0 MP+5}
  3422 | D:3      | Reached skill level 1 in Evocations
  3807 | D:3      | Identified the +1 ring mail of Vaag {rPois rN+++ MP-9
                  | Dex-3}
  3897 | D:4      | Noticed a water moccasin
  3906 | D:4      | Killed a water moccasin
  3907 | D:4      | Gained mutation: You have very sharp fingernails. [demonic
                  | ancestry]
  3907 | D:4      | Reached XP level 6. HP: 42/42 MP: 4/10
  3967 | D:4      | Identified the +4 dagger of Oggiwkui {spect, Dex+4}
  4147 | D:4      | Reached skill level 1 in Fighting
  4152 | D:4      | Found an ancient bone altar of Kikubaaqudgha.
  4193 | D:4      | Reached skill level 4 in Fire Magic
  4565 | D:4      | Reached XP level 7. HP: 44/48 MP: 10/12
  4714 | D:4      | Noticed Blork the orc
  4723 | D:4      | Killed Blork the orc
  4815 | D:4      | Gained mutation: You have hidden genetic defects. [potion
                  | of mutation]
  4815 | D:4      | Gained mutation: You are partially covered in large bone
                  | plates. (SH +4) [potion of mutation]
  5231 | D:5      | Entered Level 5 of the Dungeon
  5272 | D:5      | Gained mutation: You are dopey. (Int -2) [hidden defects]
  5303 | D:5      | Lost mutation: You have hidden genetic defects. [potion of
                  | mutation]
  5303 | D:5      | Lost mutation: You are partially covered in large bone
                  | plates. (SH +4) [potion of mutation]
  5303 | D:5      | Gained mutation: You are weak. (Str -2) [potion of
                  | mutation]
  5303 | D:5      | Gained mutation: You are very dopey. (Int -4) [potion of
                  | mutation]
  5303 | D:5      | Lost mutation: You are very dopey. (Int -4) [potion of
                  | mutation]
  5303 | D:5      | Gained mutation: Your flesh is heat resistant. (rF+)
                  | [potion of mutation]
  5304 | D:5      | Lost mutation: Your flesh is heat resistant. (rF+) [potion
                  | of mutation]
  5304 | D:5      | Lost mutation: You are weak. (Str -2) [potion of mutation]
  5304 | D:5      | Gained mutation: Armour fits poorly on your strangely
                  | shaped body. [potion of mutation]
  5304 | D:5      | Gained mutation: You have sharp toenails. [potion of
                  | mutation]
  5304 | D:5      | Gained mutation: You are agile. (Dex +4, Str/Int -1)
                  | [potion of mutation]
  5305 | D:5      | Lost mutation: You are agile. (Dex +4, Str/Int -1) [potion
                  | of mutation]
  5305 | D:5      | Lost mutation: Armour fits poorly on your strangely shaped
                  | body. [potion of mutation]
  5305 | D:5      | Gained mutation: A frigid envelope surrounds you and
                  | freezes all who hurt you. [potion of mutation]
  5305 | D:5      | Lost mutation: You are dopey. (Int -2) [potion of mutation]
  5305 | D:5      | Gained mutation: Your spells are a little harder to cast,
                  | but a little more powerful. [potion of mutation]
  5305 | D:5      | Gained mutation: Your natural rate of healing is unusually
                  | fast. [potion of mutation]
  5331 | D:5      | Found a sparkling altar of Nemelex Xobeh.
  5343 | D:5      | Found the +18 Lear's hauberk
  5395 | D:5      | Found a broken altar of Ashenzari.
  5515 | D:5      | Noticed Menkaure
  5527 | D:5      | Killed Menkaure
  5528 | D:5      | Reached skill level 1 in Short Blades
  5528 | D:5      | Reached skill level 5 in Fire Magic
  5528 | D:5      | Gained mutation: You have a pair of small antennae on your
                  | head. [demonic ancestry]
  5528 | D:5      | Reached XP level 8. HP: 21/57 MP: 13/13
  5546 | D:5      | Reached skill level 1 in Armour
  5597 | D:5      | Found a hide-covered altar of Uskayaw.
  5599 | D:5      | Found a shadowy altar of Dithmenos.
  5601 | D:5      | Found an opulent altar of Gozag.
  5601 | D:5      | Found a shimmering altar of Xom.
  5601 | D:5      | Found a shadowy altar of Dithmenos.
  5649 | D:5      | Found a large runed translucent door.
  5649 | D:5      | Found a large runed translucent door.
  5650 | D:5      | Noticed Dittersdorf's ghost (novice GrFi)
  5676 | D:5      | Found a transporter.
  5752 | D:5      | Found a transporter.
  5820 | D:5      | Found a stormy altar of Qazlal.
  5820 | D:5      | Found a snail-covered altar of Cheibriados.
  6028 | D:5      | Killed Dittersdorf's ghost
  6085 | D:5      | Succumbed to a gnoll sergeant zombie's poison

Illustrated notes

Levels and vault maps discovered:
D:1:      ebering_trefoil_twist, layout_loops_ring, minmay_misc_feat_cross,
          st_stairs_2
D:2:      layout_basic, serial_shops, nicolae_shop_window_shopping,
          nicolae_ecumenical_oubliette, uniq_terence
D:3:      layout_rooms, serial_bayou, serial_bayou_shore_b, serial_bayou_pond_b,
          serial_bayou_pond_d, serial_bayou_lagoon_a,
          hellmonk_guarded_unrand_hermit
D:4:      layout_basic, old_standard_altar, uniq_blork_the_orc
D:5:      gammafunk_cloud_chamber, layout_rooms, lemuel_coloured_pillars_altar,
          doesnt_xom_only_xom, mainiacjoe_overflow_divided_tiny,
          nicolae_overflow_hidden_temple, ebering_ghost_disaster_area,
          uniq_menkaure

Skill      XL: |  1  2  3  4  5  6  7  8 |
---------------+-------------------------+-----
Fire Magic     | 3 4 5 |  5.7
Dodging        | 2 3 |  3.8
Stealth        | 2 |  2.7
Conjurations   | 2 3 4 |  4.6
Evocations     | 1 2 3 |  3.6
Spellcasting   | 3 4 |  4.2
Fighting       | 1 2 |  2.9
Short Blades   | 1 2 |  2.1
Armour         | 1 |  1.7

Action                     |  1- 3 |  4- 6 |  7- 9 || total
---------------------------+-------+-------+-------++-------
  Melee: Unarmed           |    15 |       |       ||    15
         Short sword       |    18 |    13 |       ||    31
         Tailslap          |       |     4 |    11 ||    15
         Staff             |       |     2 |       ||     2
         Dagger            |       |     8 |    78 ||    86
         Kick              |       |       |    21 ||    21
         Punch             |       |       |     2 ||     2
   Cast: Foxfire           |    67 |   114 |    17 ||   198
         Scorch            |       |     7 |     6 ||    13
    Use: Potion            |     1 |       |     6 ||     7
   Stab: Sleeping          |       |     1 |       ||     1
         Distracted        |       |       |     3 ||     3
 Armour: Robe              |     5 |     2 |     4 ||    11
         Chain mail        |       |       |    48 ||    48
  Dodge: Dodged            |    17 |     4 |    14 ||    35

Table legend: (Time is in decaauts)
 A = Elapsed time spent in this place.
 B = Non-inter-level travel time spent in this place.
 C = Inter-level travel time spent in this place.
 D = Time resting spent in this place.
 E = Time spent auto-exploring this place.
 F = Levels seen in this place.
 G = Mean time per level.
                   A        B        C        D        E       F      G
               +--------+--------+--------+--------+--------+-----+--------+
         Total |   6071 |   5765 |    306 |      0 |   4909 |   5 | 1214.2 |
       Dungeon |   6071 |   5765 |    306 |      0 |   4909 |   5 | 1214.2 |
               +--------+--------+--------+--------+--------+-----+--------+

Top non-repeatable levels by time:
     D:2: 1517 daAuts
     D:1: 1348 daAuts
     D:4: 1336 daAuts
     D:3: 1019 daAuts
     D:5: 849 daAuts
